 Dungeon Crawl Stone Soup version 0.31.0-32-g396128a36d (webtiles) character file.

Game seed: 1776744004822735289

1382 asasucksnuts the Cleaver (level 8, 0/71 HPs)
             Began as a Minotaur Monk on Apr 12, 2024.
             Slain by a centaur (4 damage)
             ... on level 6 of the Dungeon.
             The game lasted 00:06:57 (4615 turns).

asasucksnuts the Cleaver (Minotaur Monk)            Turns: 4615, Time: 00:06:58

Health: 0/71       AC: 14    Str: 18    XL:     8   Next: 40%
Magic:  7/7        EV:  7    Int:  7    God:
Gold:   367        SH:  0    Dex: 13    Spells: 7/7 levels left

rFire   . . .        a - +1 hand axe
rCold   . . .        d - orb {light}
rNeg    . . .        n - +0 plate armour
rPois   +            (helmet restricted)
rElec   .            (no cloak)
rCorr   +            (no gloves)
SInv    .            m - +0 pair of boots
Will    .....        (no amulet) Stlth
                     t - ring of resist corrosion
HPRegen 0.31/turn    v - ring of poison resistance
MPRegen 0.10/turn

%: no passive effects
@: glowing
A: horns 2, retaliatory headbutt
a: no special abilities


You were on level 6 of the Dungeon.
You visited 1 branch of the dungeon, and saw 6 of its levels.

You collected 367 gold pieces.

Inventory:

Hand Weapons
 a - a +1 hand axe (weapon)
Missiles
 q - 2 throwing nets (quivered)
Armour
 b - a +0 robe
 d - an orb of light (worn)
 l - a +0 ring mail
 m - a +0 pair of boots (worn)
 n - a +0 plate armour (worn)
Jewellery
 t - a ring of resist corrosion (left hand)
 v - a ring of poison resistance (right hand)
Wands
 u - a wand of quicksilver (8)
Scrolls
 e - 2 scrolls of enchant armour {unknown}
 f - 2 scrolls of revelation {unknown}
 g - a scroll of brand weapon {unknown}
 h - 2 scrolls of enchant weapon
 o - a scroll of teleportation {unknown}
 p - a scroll of fear {unknown}
 s - 6 scrolls of identify {unknown}
 x - a scroll of fog {unknown}
 y - 2 scrolls of vulnerability {unknown}
 z - a scroll of amnesia {unknown}
 A - a scroll of butterflies {unknown}
Potions
 c - a potion of ambrosia
 i - 2 potions of curing {unknown}
 j - a potion of enlightenment {unknown}
 k - a potion of haste {unknown}
 r - a potion of heal wounds {unknown}
 w - 3 potions of brilliance {unknown}
 B - a potion of might {unknown}


   Skills:
 + Level 6.7 Fighting
 + Level 9.1 Axes
 + Level 6.1 Armour
 + Level 4.2 Dodging
 + Level 0.3 Stealth


You had 7 spell levels left.
You didn't know any spells.
Your spell library contained the following spells:

 Spells                   Type           Power      Damage    Failure   Level
 Apportation              Tloc           0%         N/A       100%        1
 Necrotise                Necr           0%         1d4       100%        1
 Sting                    Conj/Alch      0%         1d3       100%        1
 Summon Small Mammal      Summ           0%         N/A       100%        1


Dungeon Overview and Level Annotations

Branches:
Dungeon (6/15)
 Temple: D:4-7

Altars:
Qazlal
Sif Muna
Yredelemnul

Shops:
D:4 *


Innate Abilities, Weirdness & Mutations

You have a pair of horns on your head.
You reflexively headbutt those who attack you in melee.


Message History

You slash Blork the orc!
You headbutt Blork the orc, but do no damage.
Blork the orc is almost dead.
The centaur shoots an arrow.
The arrow hits you but does no damage.
Blork the orc gestures at you while chanting.
The puff of frost hits you!
The centaur shoots an arrow.
The arrow hits you.
You are too injured to fight recklessly!
You are too injured to fight recklessly!
You are too injured to fight recklessly!
You are too injured to fight recklessly!
Unknown command.
You hit Blork the orc but do no damage. You headbutt Blork the orc.
You kill Blork the orc!
You hit the shadow imp.
The gnoll sergeant throws a stone.
The stone hits you. The shadow imp hits you.
The centaur shoots an arrow.
The arrow hits you.
* * * LOW HITPOINT WARNING * * *
The centaur unwields a +0 orcbow.
The centaur hits you but does no damage.
The centaur barely misses you.
The gnoll sergeant hits you but does no damage.
The shadow imp closely misses you.
Things that are here:
a +2 short sword of venom; a +0 robe; the orc corpse of Blork the orc You hit the centaur but do no damage.
You hit the shadow imp but do no damage.
The centaur closely misses you.
The centaur kicks you but does no damage.
The gnoll sergeant hits you but does no damage.
The shadow imp hits you.
* * * LOW HITPOINT WARNING * * *
You hit the centaur but do no damage. You headbutt the centaur.
The centaur is lightly wounded.
You hit the shadow imp. The centaur completely misses you.
The centaur kicks you but does no damage.
The gnoll sergeant hits you but does no damage.
The shadow imp gestures at you. Pain shoots through your body!
* * * LOW HITPOINT WARNING * * *
The centaur hits you.
You die...

#......#
#......#
#......#
###.##.# #####
#.##.###....##
#.#..##......#
#.#.##..#$$#
#.#..'.†$#
..#..'5@c#
###.##..#$$#
#.###.g....#
#.# ##....##
#.# ##### #.#
#.


You could see a gnoll sergeant, a centaur and a shadow imp.

Vanquished Creatures
  A water moccasin (D:4)
  Duvessa (D:4)
  An ogre (D:4)
  3 phantoms
  Blork the orc (D:6)
  A bullfrog (D:6)
  Dowan (D:4)
  2 bombardier beetles (D:3)
  A jelly (D:5)
  2 orc priests (D:5)
  5 hounds
  3 iguanas
  5 orc wizards (D:5)
  A scorpion zombie (D:3)
  6 adders
  2 ufetubi (D:5)
  2 adder zombies (D:3)
  A dart slug (D:5)
  5 orcs
  8 ball pythons
  11 bats
  4 endoplasms
  8 giant cockroaches
  5 goblins
  8 hobgoblins
  4 jackals (D:1)
  11 kobolds
  3 quokkas
  A ball python zombie (D:3)
  5 frilled lizards
  8 rats
120 creatures vanquished.

Notes
Turn   | Place    | Note
-------+----------+-------------------------------------------
     0 | D:1      | asasucksnuts the Minotaur Monk began the quest for the Orb.
     0 | D:1      | Reached XP level 1. HP: 19/19 MP: 0/0
   104 | D:1      | Reached XP level 2. HP: 25/27 MP: 1/1
   193 | D:1      | Reached skill level 4 in Axes
   404 | D:1      | Reached XP level 3. HP: 26/33 MP: 2/2
  1041 | D:2      | Reached XP level 4. HP: 35/41 MP: 3/3
  1868 | D:3      | Reached skill level 5 in Axes
  1871 | D:3      | Found a basalt altar of Yredelemnul.
  2044 | D:3      | Reached skill level 1 in Armour
  2044 | D:3      | Reached XP level 5. HP: 20/47 MP: 4/4
  2255 | D:3      | Found a stormy altar of Qazlal.
  2391 | D:3      | Reached skill level 5 in Fighting
  2391 | D:3      | Found a shimmering blue altar of Sif Muna.
  2731 | D:4      | Noticed a phantom
  2747 | D:4      | Killed a phantom
  2748 | D:4      | Reached skill level 6 in Axes
  2748 | D:4      | Reached XP level 6. HP: 46/56 MP: 5/5
  2793 | D:4      | Noticed Duvessa
  2794 | D:4      | Noticed Dowan
  2815 | D:4      | Killed Duvessa
  2822 | D:4      | Killed Dowan
  2923 | D:4      | Reached XP level 7. HP: 61/61 MP: 6/6
  3150 | D:4      | Found Onaxubal's General Store.
  3201 | D:4      | Reached skill level 7 in Axes
  3502 | D:5      | Entered Level 5 of the Dungeon
  3724 | D:5      | Reached skill level 5 in Armour
  3745 | D:5      | Reached skill level 8 in Axes
  3913 | D:5      | Reached XP level 8. HP: 62/70 MP: 7/7
  4574 | D:6      | Reached skill level 9 in Axes
  4600 | D:6      | Noticed Blork the orc
  4612 | D:6      | Killed Blork the orc
  4615 | D:6      | Slain by a centaur

Illustrated notes

Levels and vault maps discovered:
D:1:      heliophobic_arrival_ceremonial_halls, layout_basic
D:2:      minmay_evil_eye, layout_loops_corners, serial_park_tiny_2,
          minmay_misc_feat_secret_circle
D:3:      layout_basic, nicolae_yredelemnul_corpse_copse,
          mainiacjoe_overflow_large_starburst, corexii_corridor_pit,
          hangedman_decor_riveting, chequers_serial_rivers_marsh
D:4:      layout_rooms, serial_shops, shop, minmay_bisected, uniq_duvessa
D:5:      layout_basic
D:6:      minmay_polygon_palace, layout_basic, minmay_temple_entry_water_ring,
          skrybe_limestone_x, uniq_blork_the_orc, uniq_jeremiah

Skill      XL: |  1  2  3  4  5  6  7  8 |
---------------+-------------------------+-----
Fighting       | 4 5 6 |  6.7
Axes           | 4 5 6 8 9 |  9.1
Dodging        | 4 |  4.2
Armour         | 1 2 4 5 6 |  6.1
Stealth        | |  0.3

Action                     |  1- 3 |  4- 6 |  7- 9 || total
---------------------------+-------+-------+-------++-------
  Melee: Hand axe          |    74 |   113 |   125 ||   312
         Headbutt          |    14 |    25 |    26 ||    65
    Use: Scroll            |       |       |     1 ||     1
 Armour: Robe              |    39 |       |       ||    39
         Plate armour      |    24 |    95 |   147 ||   266
  Dodge: Dodged            |    42 |    34 |    50 ||   126
